Staline vs Machettes

Created - 25 janvier 2013 at 23:39

Goals
1 2 3 OT1 SO T
Staline 1 1 1 0 1 4
Machettes 1 1 1 0 0 3
Shots
1 2 3 OT1 SO T
Staline 15 12 15 1 4 43
Machettes 10 6 13 5 4 34

1st period

1. Machettes , Brad Winchester 15 (Pavel Vorobiev, John Mitchell) at 1:32
2. Staline , Maxime Fortunus 1 (Devin Setoguchi, Nathan Smith) at 17:24 (PP)

Penalties :
Nathan Smith (StJ) for Cross-checking (Minor) at 7:42, Rick Schofield (CLM) for Roughing (Minor) at 10:56, Cory Emmerton (CLM) for Holding (Minor) at 16:22

2nd period

3. Staline , Nathan Smith 4 (Maxime Fortunus, Yan Stastny) at 11:26
4. Machettes , Rick Schofield 3 (Steven Goertzen) at 17:19

Penalties :
T.J. Fast (StJ) for Hooking (Minor) at 4:18, Pavel Vorobiev (CLM) for Tripping (Minor) at 4:25, Stephane Da Costa (CLM) for Tripping (Minor) at 7:52, Josh Green (StJ) for Roughing (Minor) at 11:55, Matt Generous (StJ) for Hooking (Minor) at 14:37, Andrew MacDonald (CLM) for Slashing (Minor) at 17:26, Alexandre Daigle (StJ) for Hooking (Minor) at 17:26

3rd period

5. Staline , Yan Stastny 10 (Robert Dome, Alexandre Daigle) at 10:55
6. Machettes , John Mitchell 11 (Pavel Vorobiev) at 13:23

Penalties :
Matt Carle (StJ) for Roughing (Minor) at 2:02, Brad Winchester (CLM) for Tripping (Minor) at 13:58, Matt Carle (StJ) for High sticking (Minor) at 13:58, Robert Dome (StJ) for Hooking (Minor) at 19:36

Overtime #1

No Goal

Penalties :
No Penalty

Shootout

Penalty Shot by Alexandre Daigle for Staline - Stopped by Mathieu Garon
Penalty Shot by Brad Winchester for Machettes - Stopped by Tobias Stephan
Penalty Shot by Yan Stastny for Staline - Stopped by Mathieu Garon
Penalty Shot by Pavel Vorobiev for Machettes - Stopped by Tobias Stephan
Penalty Shot by Robert Dome for Staline - Shot Misses the Net
Penalty Shot by Stefan Ruzicka for Machettes - Stopped by Tobias Stephan
Penalty Shot by Devin Setoguchi for Staline - Goal!
Penalty Shot by Steven Goertzen for Machettes - Stopped by Tobias Stephan

Penalties :
No Penalty

Goalie Stats

Tobias Stephan (StJ), 31 saves from 34 shots - (0,912), W, 3-0-0, 65:00 minutes
Mathieu Garon (CLM), 40 saves from 43 shots - (0,930), OTL, 9-8-4, 65:00 minutes

Players Stats for Staline

Player Name              G  A  P  +/- PIM S  H  SB GA TA FO     MP     PP MP  PK MP  
------------------------------------------------------------------------------------
Alexandre Daigle         0  1  1   0  2   8  2  0  0  0  9/12   24:27   2:00   5:21 
Brandon Prust            0  0  0   0  0   1  0  0  0  0  2/2    12:48   0:11   1:39 
Brock Trotter            0  0  0   0  0   0  1  1  0  0  0/0     6:20   0:00   0:00 
Cam Janssen              0  0  0   0  0   0  0  0  1  0  0/0    10:12   0:11   0:00 
Devin Setoguchi          0  1  1  -1  0   3  2  2  1  0  0/1    19:37   2:56   2:17 
Eric Hunter              0  0  0   0  0   0  1  1  0  0  1/2     6:02   0:00   0:00 
J.T. Wyman               0  0  0   0  0   0  1  0  1  0  0/1     9:45   0:00   2:03 
Josh Green               0  0  0  -1  2   4  3  0  0  1  1/1    15:25   2:56   0:00 
Mark Stuart              0  0  0  -1  0   1  6  5  1  0  0/0    31:16   2:54   5:21 
Matt Carle               0  0  0  -1  4   7  0  1  1  0  0/0    29:55   2:54   4:42 
Matt Generous            0  0  0   1  2   0  0  1  0  1  0/0    15:50   0:54   0:45 
Maxime Fortunus          1  1  2  -1  0   4  1  1  0  0  0/0    22:00   1:26   3:58 
Mike Sauer               0  0  0   1  0   2  1  0  0  0  0/0    11:48   0:47   0:47 
Nathan Smith             1  1  2  -1  2   2  0  0  1  0  7/18   16:22   2:56   0:07 
Robert Dome              0  1  1   0  2   4  3  0  0  0  1/1    18:50   2:04   2:15 
T.J. Fast                0  0  0  -1  2   0  1  1  0  1  0/0    21:25   1:26   4:31 
Tomas Kana               0  0  0   0  0   0  0  0  1  0  1/2     7:39   0:00   0:03 
Yan Stastny              1  1  2   0  0   7  1  0  0  1  16/27  24:19   2:00   4:43 

Players Stats for Machettes

Player Name              G  A  P  +/- PIM S  H  SB GA TA FO     MP     PP MP  PK MP  
------------------------------------------------------------------------------------
Alec Martinez            0  0  0   0  0   1  1  0  0  1  0/0     8:29   0:00   0:00 
Alex Plante              0  0  0   1  0   0  0  0  0  0  0/0     3:08   0:00   0:00 
Alexandre Picard         0  0  0  -1  0   1  3  1  0  2  0/0    22:55   3:44   2:12 
Andrew MacDonald         0  0  0  -1  2   1  1  0  0  0  0/0    22:03   3:44   2:12 
Andrew Orpik             0  0  0   0  0   0  0  0  0  0  0/0     7:37   0:00   0:00 
Angelo Esposito          0  0  0   0  0   0  0  0  0  0  0/0     0:00   0:00   0:00 
Ben Blood                0  0  0   1  0   0  0  0  0  0  0/0     3:08   0:00   0:00 
Brad Winchester          1  0  1   2  2   5  3  1  2  0  3/9    24:47   4:18   2:55 
Cory Emmerton            0  0  0  -1  2   0  0  0  0  0  4/8    13:47   4:00   0:00 
Dustin Jeffrey           0  0  0   0  0   1  0  1  0  0  0/0     8:14   0:00   0:00 
James Wisniewski         0  0  0   1  0   3  1  2  1  0  0/0    31:20   4:42   2:55 
John Mitchell            1  1  2   2  0   5  2  1  0  1  12/29  17:45   4:18   0:31 
Luca Caputi              0  0  0   0  0   0  0  0  0  0  0/0     0:00   0:00   0:00 
Matt Keith               0  0  0   0  0   2  2  0  0  0  0/1    13:00   0:08   0:00 
Mike Lundin              0  0  0   1  0   1  1  1  1  1  0/0    31:20   4:42   2:55 
Pavel Vorobiev           0  2  2   2  2   5  0  0  0  1  2/3    25:42   4:17   2:55 
Peter Olvecky            0  0  0  -1  0   0  0  1  0  0  0/0    16:05   4:00   0:38 
Rick Schofield           1  0  1   0  2   2  0  0  0  0  0/2     9:45   0:00   0:00 
Stefan Ruzicka           0  0  0  -1  0   1  2  0  0  1  4/5    18:02   4:00   1:34 
Stephane Da Costa        0  0  0   0  2   2  1  0  0  0  4/8     8:29   0:00   0:00 
Steven Goertzen          0  1  1   0  0   1  3  1  0  0  0/0    11:15   0:08   1:34 
Tyler McNeely            0  0  0   0  0   3  1  1  0  0  0/2    12:06   0:08   0:07 

3 Stars

1 - John Mitchell (CLM)
2 - Yan Stastny (StJ)
3 - Brad Winchester (CLM)

Power Play

Staline - 1 on 4 Attempt(s) - 25,00%
Machettes - 0 on 6 Attempt(s) - 0,00%

Penalty Kill

Staline - 6 on 6 Attempt(s) - 100,00% - Score 0 goal in Penalty Kill
Machettes - 3 on 4 Attempt(s) - 75,00% - Score 0 goal in Penalty Kill

Official

Referees : Leggo Mike and Peel Tim
Linesman : Jean Morin and Scott Cherrey

Game Notes

No Game Note

Staline

5 vs 5 Forward 
   Center                   Left Wing                Right Wing               Time % Phy DF OF 
 1 Yan Stastny              Robert Dome              Alexandre Daigle         40     1   2  2  
 2 Nathan Smith             Josh Green               Devin Setoguchi          30     1   2  2  
 3 Tomas Kana               Brandon Prust            Cam Janssen              20     1   2  2  
 4 Eric Hunter              Brock Trotter            J.T. Wyman               10     1   2  2  

5 vs 5 Defense 
   Defense                  Defense                                           Time % Phy DF OF 
 1 Mark Stuart              Matt Carle                                        40     1   2  2  
 2 T.J. Fast                Maxime Fortunus                                   30     1   2  2  
 3 Matt Generous            Mike Sauer                                        20     1   2  2  
 4 Mark Stuart              Matt Carle                                        10     1   2  2  

PowerPlay Forward 
   Center                   Left Wing                Right Wing               Time % Phy DF OF 
 1 Yan Stastny              Robert Dome              Alexandre Daigle         60     1   2  2  
 2 Nathan Smith             Josh Green               Devin Setoguchi          40     1   2  2  

PowerPlay Defense
   Defense                  Defense                                           Time % Phy DF OF 
 1 Mark Stuart              Matt Carle                                        60     1   2  2  
 2 T.J. Fast                Maxime Fortunus                                   40     1   2  2  

Penalty Kill 4 Players Forward 
   Center                   Wing                     Time % Phy DF OF 
 1 Alexandre Daigle         Yan Stastny              60     1   2  2  
 2 Robert Dome              Devin Setoguchi          40     1   2  2  

Penalty Kill 4 Players Defense
   Defense                  Defense                  Time % Phy DF OF 
 1 Mark Stuart              Matt Carle               60     1   2  2  
 2 T.J. Fast                Maxime Fortunus          40     1   2  2  

Penalty Kill - 3 Players Forward 
   Forward                                           Time % Phy DF OF 
 1 Alexandre Daigle                                  60     1   2  2  
 2 Yan Stastny                                       40     1   2  2  

Penalty Kill - 3 Players Defense
   Defense                  Defense                  Time % Phy DF OF 
 1 Mark Stuart              Matt Carle               60     1   2  2  
 2 T.J. Fast                Maxime Fortunus          40     1   2  2  

4 vs 4 Forward 
   Center                   Wing                     Time % Phy DF OF 
 1 Alexandre Daigle         Yan Stastny              60     1   2  2  
 2 Robert Dome              Devin Setoguchi          40     1   2  2  

4 vs 4 Defense
   Defense                  Defense                  Time % Phy DF OF 
 1 Mark Stuart              Matt Carle               60     1   2  2  
 2 T.J. Fast                Maxime Fortunus          40     1   2  2  

Last Minutes Offensive
   Center                   Left Wing                Right Wing               Defense                  Defense                  
   Yan Stastny              Robert Dome              Alexandre Daigle         Mark Stuart              Matt Carle               

Last Minutes Defensive
   Center                   Left Wing                Right Wing               Defense                  Defense                  
   Yan Stastny              Robert Dome              Alexandre Daigle         Mark Stuart              Matt Carle               

Goaltenders
Starting : Tobias Stephan           
Backup : Erik Ersberg             

Extra Forwards
Normal : Brandon Prust, Cam Janssen, J.T. Wyman - PP : Brandon Prust, Cam Janssen - PK : J.T. Wyman
Extra Defensemen
Normal : Matt Generous, Mike Sauer, T.J. Fast - PP : Matt Generous - PK : Mike Sauer, T.J. Fast
Penalty Shots
Alexandre Daigle, Yan Stastny, Robert Dome, Devin Setoguchi, Josh Green

Machettes

5 vs 5 Forward 
   Center                   Left Wing                Right Wing               Time % Phy DF OF 
 1 John Mitchell            Brad Winchester          Pavel Vorobiev           40     1   2  2  
 2 Cory Emmerton            Peter Olvecky            Stefan Ruzicka           30     1   2  2  
 3 Rick Schofield           Tyler McNeely            Steven Goertzen          20     1   2  2  
 4 Stephane Da Costa        Dustin Jeffrey           Matt Keith               10     1   2  2  

5 vs 5 Defense 
   Defense                  Defense                                           Time % Phy DF OF 
 1 Mike Lundin              James Wisniewski                                  40     1   2  2  
 2 Alexandre Picard         Andrew MacDonald                                  30     1   2  2  
 3 Alec Martinez            Andrew Orpik                                      20     1   2  2  
 4 Alex Plante              Ben Blood                                         10     1   2  2  

PowerPlay Forward 
   Center                   Left Wing                Right Wing               Time % Phy DF OF 
 1 John Mitchell            Brad Winchester          Pavel Vorobiev           60     1   2  2  
 2 Cory Emmerton            Peter Olvecky            Stefan Ruzicka           40     1   2  2  

PowerPlay Defense
   Defense                  Defense                                           Time % Phy DF OF 
 1 Mike Lundin              James Wisniewski                                  60     1   2  2  
 2 Alexandre Picard         Andrew MacDonald                                  40     1   2  2  

Penalty Kill 4 Players Forward 
   Center                   Wing                     Time % Phy DF OF 
 1 Brad Winchester          Pavel Vorobiev           60     1   2  2  
 2 Stefan Ruzicka           Steven Goertzen          40     1   2  2  

Penalty Kill 4 Players Defense
   Defense                  Defense                  Time % Phy DF OF 
 1 Mike Lundin              James Wisniewski         60     1   2  2  
 2 Alexandre Picard         Andrew MacDonald         40     1   2  2  

Penalty Kill - 3 Players Forward 
   Forward                                           Time % Phy DF OF 
 1 Brad Winchester                                   60     1   2  2  
 2 Pavel Vorobiev                                    40     1   2  2  

Penalty Kill - 3 Players Defense
   Defense                  Defense                  Time % Phy DF OF 
 1 Mike Lundin              James Wisniewski         60     1   2  2  
 2 Alexandre Picard         Andrew MacDonald         40     1   2  2  

4 vs 4 Forward 
   Center                   Wing                     Time % Phy DF OF 
 1 Brad Winchester          Pavel Vorobiev           60     1   2  2  
 2 Stefan Ruzicka           Steven Goertzen          40     1   2  2  

4 vs 4 Defense
   Defense                  Defense                  Time % Phy DF OF 
 1 Mike Lundin              James Wisniewski         60     1   2  2  
 2 Alexandre Picard         Andrew MacDonald         40     1   2  2  

Last Minutes Offensive
   Center                   Left Wing                Right Wing               Defense                  Defense                  
   John Mitchell            Brad Winchester          Pavel Vorobiev           Mike Lundin              James Wisniewski         

Last Minutes Defensive
   Center                   Left Wing                Right Wing               Defense                  Defense                  
   John Mitchell            Brad Winchester          Pavel Vorobiev           Mike Lundin              James Wisniewski         

Goaltenders
Starting : Mathieu Garon            
Backup : Marek Schwarz            

Extra Forwards
Normal : Matt Keith, Tyler McNeely, Rick Schofield - PP : Matt Keith, Tyler McNeely - PK : Rick Schofield
Extra Defensemen
Normal : Alec Martinez, Andrew Orpik, Alex Plante - PP : Alec Martinez - PK : Andrew Orpik, Alex Plante
Penalty Shots
Brad Winchester, Pavel Vorobiev, Stefan Ruzicka, Steven Goertzen, Matt Keith

% Time on Ice - Staline

Lines # - Real PCT - Wanted PCT - Time Play
Normal Forward
1 - 36% - 40% - 14:32
2 - 31% - 30% - 12:27
3 - 19% - 20% - 7:36
4 - 15% - 10% - 6:02
Normal Defense
1 - 43% - 40% - 17:30
2 - 32% - 30% - 12:53
3 - 24% - 20% - 9:40
4 - 1% - 10% - 0:34
PP Forward
1 - 43% - 60% - 2:11
2 - 57% - 40% - 2:56
PP Defense
1 - 57% - 60% - 2:54
2 - 43% - 40% - 2:13
PK Forward
1 - 73% - 60% - 6:09
2 - 27% - 40% - 2:17
PK Defense
1 - 59% - 60% - 5:01
2 - 41% - 40% - 3:25
PK3 Forward
1 - 79% - 60% - 1:16
2 - 21% - 40% - 0:20
PK3 Defense
1 - 68% - 60% - 1:05
2 - 32% - 40% - 0:31
44 Forward
1 - 79% - 60% - 7:17
2 - 21% - 40% - 1:57
44 Defense
1 - 60% - 60% - 5:32
2 - 40% - 40% - 3:42
Last Minute Offensive  - 0:00
Last Minute Defensive  - 0:00
Total
Forward - 65:00
Defense - 65:00

% Time on Ice - Machettes

Lines # - Real PCT - Wanted PCT - Time Play
Normal Forward
1 - 37% - 40% - 14:53
2 - 27% - 30% - 10:49
3 - 16% - 20% - 6:41
4 - 20% - 10% - 8:14
Normal Defense
1 - 43% - 40% - 17:36
2 - 32% - 30% - 12:56
3 - 17% - 20% - 6:57
4 - 8% - 10% - 3:08
PP Forward
1 - 53% - 60% - 4:26
2 - 47% - 40% - 4:00
PP Defense
1 - 56% - 60% - 4:42
2 - 44% - 40% - 3:44
PK Forward
1 - 69% - 60% - 3:33
2 - 31% - 40% - 1:34
PK Defense
1 - 57% - 60% - 2:55
2 - 43% - 40% - 2:12
PK3 Forward
1 - 0% - 60%
2 - 0% - 40%
PK3 Defense
1 - 0% - 60%
2 - 0% - 40%
44 Forward
1 - 83% - 60% - 9:00
2 - 17% - 40% - 1:50
44 Defense
1 - 63% - 60% - 6:47
2 - 37% - 40% - 4:03
Last Minute Offensive  - 0:00
Last Minute Defensive  - 0:00
Total
Forward - 65:00
Defense - 65:00

Play by Play

1st period


0:01 of 1st period - Yan Stastny wins face-off versus John Mitchell in neutral zone.
0:04 of 1st period - Mike Lundin is hit by Robert Dome and loses puck.
1:32 of 1st period - Slapshot by Brad Winchester.
1:32 of 1st period - Goal by Brad Winchester - Staline : 0 - Machettes : 1.
1:33 of 1st period - Cory Emmerton wins face-off versus Nathan Smith in neutral zone.
1:58 of 1st period - Yan Stastny is hit by Brad Winchester.
2:31 of 1st period - Backhand shot by Steven Goertzen.
2:31 of 1st period - Shot Blocked by Matt Generous.
2:53 of 1st period - Slapshot by Matt Keith.
2:53 of 1st period - Stopped by Tobias Stephan with a rebound.
3:27 of 1st period - Wrist shot by Robert Dome.
3:27 of 1st period - Stopped by Mathieu Garon with a rebound.
3:33 of 1st period - Snap shot by Robert Dome.
3:33 of 1st period - Shot Misses the Net.
3:35 of 1st period - Slapshot by Yan Stastny.
3:35 of 1st period - Stopped by Mathieu Garon with a rebound.
3:37 of 1st period - Wrist shot by Alexandre Daigle.
3:37 of 1st period - Shot Misses the Net.
4:09 of 1st period - Matt Keith is hit by Eric Hunter and loses puck.
4:34 of 1st period - Wrist shot by Stefan Ruzicka.
4:34 of 1st period - Deflect By Cory Emmerton.
4:34 of 1st period - Shot Misses the Net.
4:34 of 1st period - Puck is out of play.
4:35 of 1st period - John Mitchell wins face-off versus Yan Stastny in Staline zone.
4:46 of 1st period - Off-side.
4:47 of 1st period - Yan Stastny wins face-off versus John Mitchell in neutral zone.
5:58 of 1st period - Snap shot by Alexandre Daigle.
5:58 of 1st period - Shot Misses the Net.
6:17 of 1st period - Off-side.
6:18 of 1st period - Eric Hunter wins face-off versus John Mitchell in neutral zone.
6:34 of 1st period - Brad Winchester is hit by T.J. Fast and loses puck.
6:48 of 1st period - Wrist shot by Pavel Vorobiev.
6:48 of 1st period - Stopped by Tobias Stephan with a rebound.
6:50 of 1st period - Slapshot by Alec Martinez.
6:50 of 1st period - Stopped by Tobias Stephan with a rebound.
7:00 of 1st period - Snap shot by Brad Winchester.
7:00 of 1st period - Stopped by Tobias Stephan with a rebound.
7:02 of 1st period - Wrist shot by Andrew Orpik.
7:02 of 1st period - Deflect By John Mitchell.
7:02 of 1st period - Stopped by Tobias Stephan with a rebound.
7:04 of 1st period - Wrist shot by John Mitchell.
7:04 of 1st period - Stopped by Tobias Stephan without a rebound.
7:05 of 1st period - Cory Emmerton wins face-off versus Yan Stastny in Staline zone.
7:16 of 1st period - Wrist shot by Peter Olvecky.
7:16 of 1st period - Shot Misses the Net.
7:18 of 1st period - Slapshot by James Wisniewski.
7:18 of 1st period - Stopped by Tobias Stephan with a rebound.
7:42 of 1st period - Minor Penalty to Nathan Smith for Cross-checking.
7:43 of 1st period - John Mitchell wins face-off versus Alexandre Daigle in Staline zone.
8:56 of 1st period - Mark Stuart is hit by Andrew MacDonald and loses puck.
9:42 of 1st period - Penalty to Nathan Smith is over, Nathan Smith is back on ice.
9:48 of 1st period - Snap shot by Yan Stastny.
9:48 of 1st period - Shot Misses the Net.
9:56 of 1st period - Snap shot by Alexandre Daigle.
9:56 of 1st period - Stopped by Mathieu Garon with a rebound.
10:28 of 1st period - Tomas Kana is hit by Steven Goertzen and loses puck.
10:56 of 1st period - Minor Penalty to Rick Schofield for Roughing.
10:57 of 1st period - Nathan Smith wins face-off versus Brad Winchester in Machettes zone.
11:28 of 1st period - Pavel Vorobiev is hit by Robert Dome and loses puck.
12:56 of 1st period - Penalty to Rick Schofield is over, Rick Schofield is back on ice.
13:09 of 1st period - Slapshot by Stefan Ruzicka.
13:09 of 1st period - Shot Blocked by Devin Setoguchi.
13:28 of 1st period - Wrist shot by Steven Goertzen.
13:28 of 1st period - Deflect By Matt Carle.
13:28 of 1st period - Shot Blocked by Mark Stuart.
13:28 of 1st period - Puck is out of play.
13:29 of 1st period - John Mitchell wins face-off versus Yan Stastny in Staline zone.
14:24 of 1st period - Rick Schofield is hit by J.T. Wyman and loses puck.
15:57 of 1st period - Mark Stuart is hit by Tyler McNeely.
16:19 of 1st period - Snap shot by Stefan Ruzicka.
16:19 of 1st period - Shot Blocked by Mark Stuart.
16:22 of 1st period - Minor Penalty to Cory Emmerton for Holding.
16:23 of 1st period - Brad Winchester wins face-off versus Nathan Smith in Machettes zone.
16:52 of 1st period - Snap shot by Alexandre Daigle.
16:52 of 1st period - Stopped by Mathieu Garon without a rebound.
16:53 of 1st period - Yan Stastny wins face-off versus Stefan Ruzicka in Machettes zone.
17:00 of 1st period - Snap shot by Yan Stastny.
17:00 of 1st period - Shot Blocked by Steven Goertzen.
17:22 of 1st period - Slapshot by Devin Setoguchi.
17:22 of 1st period - Stopped by Mathieu Garon with a rebound.
17:24 of 1st period - Slapshot by Maxime Fortunus.
17:24 of 1st period - Deflect By Pavel Vorobiev.
17:24 of 1st period - Goal by Maxime Fortunus - Staline : 1 - Machettes : 1.
17:25 of 1st period - John Mitchell wins face-off versus Yan Stastny in neutral zone.
17:35 of 1st period - Brad Winchester is hit by Alexandre Daigle and loses puck.
17:40 of 1st period - Snap shot by Robert Dome.
17:40 of 1st period - Stopped by Mathieu Garon without a rebound.
17:41 of 1st period - Nathan Smith wins face-off versus Cory Emmerton in Machettes zone.
18:06 of 1st period - Yan Stastny is hit by Steven Goertzen and loses puck.
18:31 of 1st period - Cam Janssen is hit by Brad Winchester and loses puck.
18:48 of 1st period - Snap shot by Brad Winchester.
18:48 of 1st period - Stopped by Tobias Stephan with a rebound.
18:50 of 1st period - Slapshot by Alec Martinez.
18:50 of 1st period - Shot Blocked by Brock Trotter.
18:52 of 1st period - Snap shot by Cory Emmerton.
18:52 of 1st period - Shot Blocked by Maxime Fortunus.
18:54 of 1st period - Slapshot by Stefan Ruzicka.
18:54 of 1st period - Shot Blocked by Eric Hunter.
19:08 of 1st period - Stefan Ruzicka is hit by Josh Green and loses puck.
19:15 of 1st period - Slapshot by Josh Green.
19:15 of 1st period - Stopped by Mathieu Garon with a rebound.
19:17 of 1st period - Snap shot by Nathan Smith.
19:17 of 1st period - Stopped by Mathieu Garon without a rebound.
19:18 of 1st period - Yan Stastny wins face-off versus John Mitchell in Machettes zone.
19:19 of 1st period - Slapshot by Matt Carle.
19:19 of 1st period - Shot Misses the Net.
19:21 of 1st period - Slapshot by Mark Stuart.
19:21 of 1st period - Shot Misses the Net.
19:23 of 1st period - Slapshot by Mark Stuart.
19:23 of 1st period - Shot Blocked by John Mitchell.
19:25 of 1st period - Slapshot by Mark Stuart.
19:25 of 1st period - Stopped by Mathieu Garon with a rebound.
19:27 of 1st period - Snap shot by Yan Stastny.
19:27 of 1st period - Shot Misses the Net.
19:29 of 1st period - Slapshot by Alexandre Daigle.
19:29 of 1st period - Stopped by Mathieu Garon with a rebound.
19:31 of 1st period - Slapshot by Matt Carle.
19:31 of 1st period - Stopped by Mathieu Garon without a rebound.
19:32 of 1st period - Nathan Smith wins face-off versus Pavel Vorobiev in Machettes zone.
19:39 of 1st period - Slapshot by Josh Green.
19:39 of 1st period - Shot Misses the Net.
19:41 of 1st period - Wrist shot by Devin Setoguchi.
19:41 of 1st period - Stopped by Mathieu Garon without a rebound.
19:42 of 1st period - Nathan Smith wins face-off versus John Mitchell in Machettes zone.
19:43 of 1st period - Snap shot by Devin Setoguchi.
19:43 of 1st period - Deflect By Josh Green.
19:43 of 1st period - Stopped by Mathieu Garon without a rebound.
19:44 of 1st period - Yan Stastny wins face-off versus John Mitchell in Machettes zone.
19:45 of 1st period - Snap shot by Robert Dome.
19:45 of 1st period - Stopped by Mathieu Garon with a rebound.
19:59 of 1st period - Snap shot by Pavel Vorobiev.
19:59 of 1st period - Stopped by Tobias Stephan with a rebound.

2nd period


0:01 of 2nd period - John Mitchell wins face-off versus Yan Stastny in neutral zone.
0:10 of 2nd period - Mike Lundin is hit by Mark Stuart and loses puck.
1:26 of 2nd period - Icing by Dustin Jeffrey.
1:27 of 2nd period - Yan Stastny wins face-off versus Stephane Da Costa in Machettes zone.
1:40 of 2nd period - Snap shot by Yan Stastny.
1:40 of 2nd period - Shot Misses the Net.
1:50 of 2nd period - Slapshot by Matt Carle.
1:50 of 2nd period - Shot Misses the Net.
2:17 of 2nd period - Wrist shot by Matt Keith.
2:17 of 2nd period - Stopped by Tobias Stephan without a rebound.
2:18 of 2nd period - Yan Stastny wins face-off versus John Mitchell in Staline zone.
2:22 of 2nd period - Off-side.
2:23 of 2nd period - Pavel Vorobiev wins face-off versus Yan Stastny in neutral zone.
2:28 of 2nd period - Wrist shot by Brad Winchester.
2:28 of 2nd period - Deflect By John Mitchell.
2:28 of 2nd period - Stopped by Tobias Stephan with a rebound.
3:13 of 2nd period - Snap shot by Devin Setoguchi.
3:13 of 2nd period - Stopped by Mathieu Garon without a rebound.
3:14 of 2nd period - Stefan Ruzicka wins face-off versus Nathan Smith in Machettes zone.
3:27 of 2nd period - Devin Setoguchi is hit by Stefan Ruzicka and loses puck.
3:54 of 2nd period - Wrist shot by Peter Olvecky.
3:54 of 2nd period - Shot Misses the Net.
4:18 of 2nd period - Minor Penalty to T.J. Fast for Hooking.
4:19 of 2nd period - John Mitchell wins face-off versus Alexandre Daigle in Staline zone.
4:25 of 2nd period - Minor Penalty to Pavel Vorobiev for Tripping.
4:26 of 2nd period - Alexandre Daigle wins face-off versus Brad Winchester in Machettes zone.
4:27 of 2nd period - Snap shot by Matt Carle.
4:27 of 2nd period - Deflect By James Wisniewski.
4:27 of 2nd period - Stopped by Mathieu Garon without a rebound.
4:28 of 2nd period - Alexandre Daigle wins face-off versus Brad Winchester in Machettes zone.
5:07 of 2nd period - Slapshot by Matt Carle.
5:07 of 2nd period - Stopped by Mathieu Garon with a rebound.
5:14 of 2nd period - Off-side.
5:15 of 2nd period - Alexandre Daigle wins face-off versus Tyler McNeely in neutral zone.
5:26 of 2nd period - Wrist shot by Matt Keith.
5:26 of 2nd period - Deflect By Brad Winchester.
5:26 of 2nd period - Stopped by Tobias Stephan with a rebound.
5:28 of 2nd period - Wrist shot by Mike Lundin.
5:28 of 2nd period - Shot Misses the Net.
6:18 of 2nd period - Penalty to T.J. Fast is over, T.J. Fast is back on ice.
6:20 of 2nd period - Wrist shot by Yan Stastny.
6:20 of 2nd period - Shot Blocked by Tyler McNeely.
6:22 of 2nd period - Snap shot by Alexandre Daigle.
6:22 of 2nd period - Stopped by Mathieu Garon with a rebound.
6:24 of 2nd period - Snap shot by Yan Stastny.
6:24 of 2nd period - Stopped by Mathieu Garon with a rebound.
6:25 of 2nd period - Penalty to Pavel Vorobiev is over, Pavel Vorobiev is back on ice.
7:03 of 2nd period - Maxime Fortunus is hit by Alexandre Picard and loses puck.
7:18 of 2nd period - Snap shot by Pavel Vorobiev.
7:18 of 2nd period - Shot Misses the Net.
7:28 of 2nd period - Snap shot by Yan Stastny.
7:28 of 2nd period - Stopped by Mathieu Garon without a rebound.
7:29 of 2nd period - Stephane Da Costa wins face-off versus Nathan Smith in Machettes zone.
7:33 of 2nd period - Icing by James Wisniewski.
7:34 of 2nd period - Stephane Da Costa wins face-off versus Nathan Smith in Machettes zone.
7:52 of 2nd period - Minor Penalty to Stephane Da Costa for Tripping.
7:53 of 2nd period - Brad Winchester wins face-off versus Nathan Smith in Machettes zone.
7:53 of 2nd period - Brad Winchester is hit by Mark Stuart.
8:35 of 2nd period - Slapshot by Maxime Fortunus.
8:35 of 2nd period - Stopped by Mathieu Garon without a rebound.
8:36 of 2nd period - Stefan Ruzicka wins face-off versus Nathan Smith in Machettes zone.
8:36 of 2nd period - Stefan Ruzicka is hit by Devin Setoguchi.
8:42 of 2nd period - Snap shot by Andrew MacDonald.
8:42 of 2nd period - Stopped by Tobias Stephan without a rebound.
8:43 of 2nd period - Stefan Ruzicka wins face-off versus Devin Setoguchi in Staline zone.
8:44 of 2nd period - Slapshot by Steven Goertzen.
8:44 of 2nd period - Shot Misses the Net.
8:52 of 2nd period - Slapshot by Maxime Fortunus.
8:52 of 2nd period - Stopped by Mathieu Garon with a rebound.
9:24 of 2nd period - Brad Winchester is hit by Robert Dome and loses puck.
9:52 of 2nd period - Penalty to Stephane Da Costa is over, Stephane Da Costa is back on ice.
10:01 of 2nd period - Slapshot by Matt Carle.
10:01 of 2nd period - Stopped by Mathieu Garon with a rebound.
10:07 of 2nd period - Snap shot by Steven Goertzen.
10:07 of 2nd period - Deflect By Matt Carle.
10:07 of 2nd period - Shot Blocked by Matt Carle.
10:07 of 2nd period - Puck is out of play.
10:08 of 2nd period - Stephane Da Costa wins face-off versus J.T. Wyman in Staline zone.
10:33 of 2nd period - Mike Lundin is hit by Josh Green and loses puck.
10:55 of 2nd period - Icing by T.J. Fast.
10:56 of 2nd period - Yan Stastny wins face-off versus John Mitchell in Staline zone.
11:24 of 2nd period - Wrist shot by Maxime Fortunus.
11:24 of 2nd period - Deflect By Andrew MacDonald.
11:24 of 2nd period - Stopped by Mathieu Garon with a rebound.
11:26 of 2nd period - Snap shot by Nathan Smith.
11:26 of 2nd period - Goal by Nathan Smith - Staline : 2 - Machettes : 1.
11:27 of 2nd period - Yan Stastny wins face-off versus John Mitchell in neutral zone.
11:54 of 2nd period - Wrist shot by Devin Setoguchi.
11:54 of 2nd period - Shot Blocked by Peter Olvecky.
11:55 of 2nd period - Minor Penalty to Josh Green for Roughing.
11:56 of 2nd period - Alexandre Daigle wins face-off versus John Mitchell in Staline zone.
13:35 of 2nd period - Snap shot by Robert Dome.
13:35 of 2nd period - Shot Blocked by James Wisniewski.
13:55 of 2nd period - Penalty to Josh Green is over, Josh Green is back on ice.
14:12 of 2nd period - Slapshot by James Wisniewski.
14:12 of 2nd period - Shot Misses the Net.
14:37 of 2nd period - Minor Penalty to Matt Generous for Hooking.
14:38 of 2nd period - John Mitchell wins face-off versus Alexandre Daigle in Staline zone.
16:37 of 2nd period - Penalty to Matt Generous is over, Matt Generous is back on ice.
17:06 of 2nd period - Matt Generous is hit by Mike Lundin and loses puck.
17:17 of 2nd period - Backhand shot by Rick Schofield.
17:17 of 2nd period - Stopped by Tobias Stephan with a rebound.
17:19 of 2nd period - Snap shot by Rick Schofield.
17:19 of 2nd period - Goal by Rick Schofield - Staline : 2 - Machettes : 2.
17:20 of 2nd period - Brad Winchester wins face-off versus Yan Stastny in neutral zone.
17:25 of 2nd period - Slapshot by Alexandre Picard.
17:25 of 2nd period - Shot Blocked by Mark Stuart.
17:26 of 2nd period - Minor Penalty to Andrew MacDonald for Slashing.
17:26 of 2nd period - Minor Penalty to Alexandre Daigle for Hooking.
17:27 of 2nd period - Brandon Prust wins face-off versus Brad Winchester in Staline zone.
17:38 of 2nd period - Slapshot by Matt Carle.
17:38 of 2nd period - Stopped by Mathieu Garon with a rebound.
17:40 of 2nd period - Slapshot by Mark Stuart.
17:40 of 2nd period - Shot Misses the Net.
17:42 of 2nd period - Slapshot by Matt Carle.
17:42 of 2nd period - Shot Blocked by Brad Winchester.
18:55 of 2nd period - J.T. Wyman is hit by Alec Martinez and loses puck.
19:14 of 2nd period - Maxime Fortunus is hit by Stefan Ruzicka and loses puck.
19:21 of 2nd period - Mike Lundin is hit by Brock Trotter and loses puck.
19:26 of 2nd period - Penalty to Andrew MacDonald is over, Andrew MacDonald is back on ice.
19:26 of 2nd period - Penalty to Alexandre Daigle is over, Alexandre Daigle is back on ice.

3rd period


0:01 of 3rd period - Yan Stastny wins face-off versus John Mitchell in neutral zone.
0:10 of 3rd period - Backhand shot by Pavel Vorobiev.
0:10 of 3rd period - Stopped by Tobias Stephan with a rebound.
0:12 of 3rd period - Slapshot by Mike Lundin.
0:12 of 3rd period - Stopped by Tobias Stephan with a rebound.
0:14 of 3rd period - Snap shot by Pavel Vorobiev.
0:14 of 3rd period - Stopped by Tobias Stephan without a rebound.
0:15 of 3rd period - Nathan Smith wins face-off versus Cory Emmerton in Staline zone.
0:41 of 3rd period - Mark Stuart is hit by Steven Goertzen and loses puck.
1:09 of 3rd period - Wrist shot by Robert Dome.
1:09 of 3rd period - Stopped by Mathieu Garon with a rebound.
1:22 of 3rd period - Icing by Matt Carle.
1:23 of 3rd period - Yan Stastny wins face-off versus Stephane Da Costa in Staline zone.
1:23 of 3rd period - Yan Stastny is hit by Matt Keith.
1:47 of 3rd period - Cam Janssen is hit by Stephane Da Costa and loses puck.
2:02 of 3rd period - Slapshot by Stephane Da Costa.
2:02 of 3rd period - Stopped by Tobias Stephan without a rebound.
2:02 of 3rd period - Minor Penalty to Matt Carle for Roughing.
2:03 of 3rd period - Alexandre Daigle wins face-off versus John Mitchell in Staline zone.
2:18 of 3rd period - Slapshot by Mike Lundin.
2:18 of 3rd period - Shot Misses the Net.
3:19 of 3rd period - T.J. Fast is hit by John Mitchell and loses puck.
4:02 of 3rd period - Penalty to Matt Carle is over, Matt Carle is back on ice.
4:09 of 3rd period - Nathan Smith is hit by Alexandre Picard and loses puck.
4:35 of 3rd period - Off-side.
4:36 of 3rd period - Tomas Kana wins face-off versus Stephane Da Costa in neutral zone.
4:41 of 3rd period - Wrist shot by Cam Janssen.
4:41 of 3rd period - Deflect By Brandon Prust.
4:41 of 3rd period - Stopped by Mathieu Garon with a rebound.
4:43 of 3rd period - Slapshot by Mike Sauer.
4:43 of 3rd period - Shot Misses the Net.
4:45 of 3rd period - Slapshot by Mike Sauer.
4:45 of 3rd period - Deflect By Matt Keith.
4:45 of 3rd period - Stopped by Mathieu Garon with a rebound.
5:43 of 3rd period - Snap shot by Steven Goertzen.
5:43 of 3rd period - Stopped by Tobias Stephan with a rebound.
6:45 of 3rd period - Backhand shot by Matt Carle.
6:45 of 3rd period - Stopped by Mathieu Garon without a rebound.
6:46 of 3rd period - John Mitchell wins face-off versus Yan Stastny in Machettes zone.
7:10 of 3rd period - Wrist shot by Alexandre Daigle.
7:10 of 3rd period - Shot Misses the Net.
7:16 of 3rd period - Snap shot by Yan Stastny.
7:16 of 3rd period - Stopped by Mathieu Garon with a rebound.
7:18 of 3rd period - Snap shot by Alexandre Daigle.
7:18 of 3rd period - Stopped by Mathieu Garon without a rebound.
7:19 of 3rd period - Josh Green wins face-off versus Cory Emmerton in Machettes zone.
7:46 of 3rd period - Matt Generous is hit by Brad Winchester and loses puck.
8:29 of 3rd period - Wrist shot by Josh Green.
8:29 of 3rd period - Stopped by Mathieu Garon without a rebound.
8:30 of 3rd period - Nathan Smith wins face-off versus Stephane Da Costa in Machettes zone.
8:43 of 3rd period - Off-side.
8:44 of 3rd period - Yan Stastny wins face-off versus John Mitchell in neutral zone.
9:17 of 3rd period - Off-side.
9:18 of 3rd period - Cory Emmerton wins face-off versus Nathan Smith in neutral zone.
9:18 of 3rd period - Cory Emmerton is hit by Maxime Fortunus.
10:08 of 3rd period - James Wisniewski is hit by Josh Green and loses puck.
10:27 of 3rd period - Slapshot by Nathan Smith.
10:27 of 3rd period - Shot Blocked by Dustin Jeffrey.
10:29 of 3rd period - Wrist shot by Devin Setoguchi.
10:29 of 3rd period - Shot Misses the Net.
10:31 of 3rd period - Slapshot by Mike Sauer.
10:31 of 3rd period - Stopped by Mathieu Garon with a rebound.
10:55 of 3rd period - Backhand shot by Yan Stastny.
10:55 of 3rd period - Goal by Yan Stastny - Staline : 3 - Machettes : 2.
10:56 of 3rd period - Alexandre Daigle wins face-off versus John Mitchell in neutral zone.
10:58 of 3rd period - Off-side.
10:59 of 3rd period - John Mitchell wins face-off versus Yan Stastny in neutral zone.
11:35 of 3rd period - Wrist shot by Stefan Ruzicka.
11:35 of 3rd period - Shot Blocked by Mark Stuart.
12:05 of 3rd period - Robert Dome is hit by Matt Keith and loses puck.
12:10 of 3rd period - Snap shot by Dustin Jeffrey.
12:10 of 3rd period - Stopped by Tobias Stephan without a rebound.
12:11 of 3rd period - Stephane Da Costa wins face-off versus Nathan Smith in Staline zone.
12:14 of 3rd period - Snap shot by Stephane Da Costa.
12:14 of 3rd period - Stopped by Tobias Stephan without a rebound.
12:15 of 3rd period - John Mitchell wins face-off versus Nathan Smith in Staline zone.
12:16 of 3rd period - Wrist shot by Pavel Vorobiev.
12:16 of 3rd period - Shot Misses the Net.
12:18 of 3rd period - Snap shot by Andrew Orpik.
12:18 of 3rd period - Shot Blocked by T.J. Fast.
12:20 of 3rd period - Wrist shot by Pavel Vorobiev.
12:20 of 3rd period - Stopped by Tobias Stephan without a rebound.
12:21 of 3rd period - Nathan Smith wins face-off versus John Mitchell in Staline zone.
12:44 of 3rd period - Snap shot by Josh Green.
12:44 of 3rd period - Stopped by Mathieu Garon without a rebound.
12:45 of 3rd period - Cory Emmerton wins face-off versus Yan Stastny in Machettes zone.
13:15 of 3rd period - Off-side.
13:16 of 3rd period - John Mitchell wins face-off versus Nathan Smith in neutral zone.
13:19 of 3rd period - Snap shot by Pavel Vorobiev.
13:19 of 3rd period - Shot Blocked by Devin Setoguchi.
13:21 of 3rd period - Wrist shot by John Mitchell.
13:21 of 3rd period - Stopped by Tobias Stephan with a rebound.
13:23 of 3rd period - Slapshot by John Mitchell.
13:23 of 3rd period - Goal by John Mitchell - Staline : 3 - Machettes : 3.
13:24 of 3rd period - Yan Stastny wins face-off versus John Mitchell in neutral zone.
13:29 of 3rd period - Wrist shot by Yan Stastny.
13:29 of 3rd period - Stopped by Mathieu Garon without a rebound.
13:30 of 3rd period - Yan Stastny wins face-off versus John Mitchell in Machettes zone.
13:33 of 3rd period - Snap shot by Robert Dome.
13:33 of 3rd period - Deflect By Alexandre Daigle.
13:33 of 3rd period - Stopped by Mathieu Garon without a rebound.
13:34 of 3rd period - John Mitchell wins face-off versus Yan Stastny in Machettes zone.
13:42 of 3rd period - Yan Stastny is hit by John Mitchell and loses puck.
13:58 of 3rd period - Minor Penalty to Brad Winchester for Tripping.
13:58 of 3rd period - Minor Penalty to Matt Carle for High sticking.
13:59 of 3rd period - Alexandre Daigle wins face-off versus Matt Keith in Staline zone.
14:24 of 3rd period - Pavel Vorobiev is hit by Mark Stuart and loses puck.
14:41 of 3rd period - Slapshot by Alexandre Picard.
14:41 of 3rd period - Stopped by Tobias Stephan without a rebound.
14:42 of 3rd period - Robert Dome wins face-off versus Tyler McNeely in Staline zone.
14:47 of 3rd period - Alexandre Picard is hit by Devin Setoguchi and loses puck.
15:49 of 3rd period - Andrew MacDonald is hit by Mark Stuart and loses puck.
15:58 of 3rd period - Penalty to Brad Winchester is over, Brad Winchester is back on ice.
15:58 of 3rd period - Penalty to Matt Carle is over, Matt Carle is back on ice.
16:16 of 3rd period - Slapshot by Brad Winchester.
16:16 of 3rd period - Stopped by Tobias Stephan with a rebound.
16:28 of 3rd period - Slapshot by Brad Winchester.
16:28 of 3rd period - Deflect By Matt Carle.
16:28 of 3rd period - Shot Blocked by Mark Stuart.
16:28 of 3rd period - Puck is out of play.
16:29 of 3rd period - Stefan Ruzicka wins face-off versus Eric Hunter in Staline zone.
16:42 of 3rd period - Snap shot by Stefan Ruzicka.
16:42 of 3rd period - Stopped by Tobias Stephan with a rebound.
17:34 of 3rd period - John Mitchell is hit by Mike Sauer and loses puck.
18:07 of 3rd period - Snap shot by J.T. Wyman.
18:07 of 3rd period - Deflect By Brock Trotter.
18:07 of 3rd period - Shot Misses the Net.
18:07 of 3rd period - Puck is out of play.
18:08 of 3rd period - Pavel Vorobiev wins face-off versus Tomas Kana in Machettes zone.
18:17 of 3rd period - Slapshot by Mark Stuart.
18:17 of 3rd period - Shot Blocked by Mike Lundin.
18:19 of 3rd period - Slapshot by Matt Carle.
18:19 of 3rd period - Stopped by Mathieu Garon with a rebound.
18:21 of 3rd period - Slapshot by Matt Carle.
18:21 of 3rd period - Shot Blocked by James Wisniewski.
18:23 of 3rd period - Slapshot by Brandon Prust.
18:23 of 3rd period - Deflect By Cam Janssen.
18:23 of 3rd period - Shot Misses the Net.
18:23 of 3rd period - Puck is out of play.
18:24 of 3rd period - Yan Stastny wins face-off versus Rick Schofield in Machettes zone.
18:25 of 3rd period - Snap shot by Alexandre Daigle.
18:25 of 3rd period - Stopped by Mathieu Garon without a rebound.
18:26 of 3rd period - Yan Stastny wins face-off versus Rick Schofield in Machettes zone.
19:18 of 3rd period - Slapshot by Mark Stuart.
19:18 of 3rd period - Deflect By Yan Stastny.
19:18 of 3rd period - Stopped by Mathieu Garon with a rebound.
19:22 of 3rd period - Snap shot by Robert Dome.
19:22 of 3rd period - Shot Blocked by Alexandre Picard.
19:32 of 3rd period - Yan Stastny is hit by Alexandre Picard and loses puck.
19:36 of 3rd period - Minor Penalty to Robert Dome for Hooking.
19:37 of 3rd period - Alexandre Daigle wins face-off versus Cory Emmerton in Staline zone.

Overtime #1


0:01 of 1st overtime period - Alexandre Daigle wins face-off versus Brad Winchester in neutral zone.
0:06 of 1st overtime period - Wrist shot by Alexandre Daigle.
0:06 of 1st overtime period - Stopped by Mathieu Garon with a rebound.
0:36 of 1st overtime period - Mike Lundin is hit by Mark Stuart and loses puck.
1:36 of 1st overtime period - Penalty to Robert Dome is over, Robert Dome is back on ice.
1:43 of 1st overtime period - James Wisniewski is hit by Alexandre Daigle and loses puck.
2:23 of 1st overtime period - Robert Dome is hit by James Wisniewski.
2:56 of 1st overtime period - Slapshot by Mike Lundin.
2:56 of 1st overtime period - Deflect By Tyler McNeely.
2:56 of 1st overtime period - Stopped by Tobias Stephan with a rebound.
2:58 of 1st overtime period - Slapshot by Tyler McNeely.
2:58 of 1st overtime period - Stopped by Tobias Stephan with a rebound.
3:00 of 1st overtime period - Slapshot by James Wisniewski.
3:00 of 1st overtime period - Deflect By Robert Dome.
3:00 of 1st overtime period - Stopped by Tobias Stephan with a rebound.
3:02 of 1st overtime period - Slapshot by James Wisniewski.
3:02 of 1st overtime period - Stopped by Tobias Stephan with a rebound.
3:04 of 1st overtime period - Snap shot by Tyler McNeely.
3:04 of 1st overtime period - Stopped by Tobias Stephan without a rebound.
3:05 of 1st overtime period - Brandon Prust wins face-off versus Brad Winchester in Staline zone.
3:10 of 1st overtime period - Brad Winchester is hit by Yan Stastny and loses puck.
3:54 of 1st overtime period - Brad Winchester is hit by Mark Stuart and loses puck.

ShootOut


5:00 of 1st overtime period - Penalty Shot by Alexandre Daigle for Staline.
5:00 of 1st overtime period - Snap shot by Alexandre Daigle.
5:00 of 1st overtime period - Stopped by Mathieu Garon.
5:00 of 1st overtime period - Penalty Shot by Brad Winchester for Machettes.
5:00 of 1st overtime period - Deke by Brad Winchester.
5:00 of 1st overtime period - Stopped by Tobias Stephan.
5:00 of 1st overtime period - Penalty Shot by Yan Stastny for Staline.
5:00 of 1st overtime period - Backhand shot by Yan Stastny.
5:00 of 1st overtime period - Stopped by Mathieu Garon.
5:00 of 1st overtime period - Penalty Shot by Pavel Vorobiev for Machettes.
5:00 of 1st overtime period - Wrist shot by Pavel Vorobiev.
5:00 of 1st overtime period - Stopped by Tobias Stephan.
5:00 of 1st overtime period - Penalty Shot by Robert Dome for Staline.
5:00 of 1st overtime period - Backhand shot by Robert Dome.
5:00 of 1st overtime period - Shot Misses the Net.
5:00 of 1st overtime period - Penalty Shot by Stefan Ruzicka for Machettes.
5:00 of 1st overtime period - Wrist shot by Stefan Ruzicka.
5:00 of 1st overtime period - Stopped by Tobias Stephan.
5:00 of 1st overtime period - Penalty Shot by Devin Setoguchi for Staline.
5:00 of 1st overtime period - Backhand shot by Devin Setoguchi.
5:00 of 1st overtime period - Goal by Devin Setoguchi.
5:00 of 1st overtime period - Penalty Shot by Steven Goertzen for Machettes.
5:00 of 1st overtime period - Deke by Steven Goertzen.
5:00 of 1st overtime period - Stopped by Tobias Stephan.


Output by the SimonT Hockey Simulator (STHS) for François Prévost -- Original Page W3C XHTML 1.0 Valid
Hockey Simulator - Hockey Simulation - Hockey Manager